 Dungeon Crawl Stone Soup version 0.30.1-11-g7821555f0a (webtiles) character file.

Game seed: 8048521432565180571

32 Okkudo the Chopper (level 3, 0/33 HPs)
             Began as a Hill Orc Monk on Dec 7, 2023.
             Slain by a gnoll
             ... wielding a +0 whip
              (7 damage)
             ... on level 1 of the Dungeon.
             The game lasted 00:01:57 (1006 turns).

Okkudo the Chopper (Hill Orc Monk)                  Turns: 1006, Time: 00:01:58

Health: 0/33       AC:  2    Str: 15    XL:     3   Next: 25%
Magic:  3/3        EV: 12    Int: 10    God:
Gold:   56         SH:  0    Dex: 13    Spells: 2/2 levels left

rFire   . . .        a - +0 hand axe
rCold   . . .        d - orb {light}
rNeg    . . .        b - +0 robe
rPois   .            (no helmet)
rElec   .            (no cloak)
rCorr   .            (no gloves)
SInv    .            (no boots)
Will    .....        (no amulet)
Stlth   +            (no ring)
HPRegen 0.25/turn    (no ring)
MPRegen 0.08/turn

%: no passive effects
@: confused, ambrosia-drunk, glowing
A: no striking features
a: no special abilities


You were on level 1 of the Dungeon.
You visited 1 branch of the dungeon, and saw 2 of its levels.

You collected 56 gold pieces.

Inventory:

Hand Weapons
 a - a +0 hand axe (weapon)
Armour
 b - a +0 robe (worn)
 d - an orb of light (worn)
Jewellery
 k - a ring of positive energy
Scrolls
 h - a scroll of acquirement {unknown}
 i - a scroll of noise {unknown}
 j - a scroll of butterflies {unknown}
 m - a scroll of identify {unknown}
Potions
 e - 2 potions of mutation {unknown}
 f - a potion of invisibility {unknown}
 g - a potion of curing {unknown}
 l - a potion of heal wounds {unknown}
 n - a potion of attraction {unknown}


   Skills:
 - Level 3.9 Fighting
 * Level 5.2 Axes
 - Level 2.6 Dodging


You had 2 spell levels left.
You didn't know any spells.
Your spell library was empty.

Dungeon Overview and Level Annotations

Branches:
Dungeon (2/15)

Altars:


Message History

Found a stone staircase leading up.
The gnoll shouts!
You hear an angry hiss.
A rat comes into view.
You hit the gnoll.
The gnoll is moderately wounded.
The gnoll closely misses you.
You hit the gnoll.
The gnoll is moderately wounded.
The gnoll hits you with a +0 whip! The gnoll attacks as you move away!
The gnoll hits you with a +0 whip.
You barely miss the gnoll.
The gnoll is moderately wounded.
The gnoll attacks as you move away! The gnoll barely misses you.
You barely miss the gnoll.
The gnoll is moderately wounded.
The gnoll completely misses you. The gnoll attacks as you move away!
The gnoll barely misses you.
A bat comes into view.
The bat moves out of view.
The gnoll attacks as you move away! The gnoll hits you with a +0 whip!
The bat barely misses you. The bat hits you.
The gnoll attacks as you move away! The gnoll barely misses you.
The bat attacks as you move away! The bat hits you.
Found 8 gold pieces.
The bat hits you. The bat hits you but does no damage.
A frilled lizard comes into view.
There is a stone staircase leading up here.
The bat hits you but does no damage. The gnoll misses you.
The gnoll hits you from afar with a +0 spear.
* * * LOW HITPOINT WARNING * * *
The rat twitches its whiskers.
You climb upwards.
There is a stone staircase leading down here.
You hit the gnoll.
The gnoll is severely wounded.
The gnoll hits you with a +0 whip.
* * * LOW HITPOINT WARNING * * *
You are confused.
You feel invigorated. The gnoll hits you with a +0 whip!
You die...

≈≈#.......############# ###..##.
≈###.##.### ###..##. ≈# #.##.#
#..##..# ## #.##.#
###########..##..# #.##.#####
#....|......#####. #........#
#.#########.# ###. ####.###.#
##.## #.###... #.#...###...##
#.......
######.#.####.#@#.#######.#.####
#......#)##.....g...........#...
#.######.##.#.#.#.#######...#.##
#.# #.##.##...## #.#.#... #.#
#.....##.#########.#.#### #.#
####^.##...........#.#...
##.#########..######.........#.##
..#.......##..# #.#####(..#...
##.######.##..# #.#####.#.####


You could see a gnoll.

Vanquished Creatures
  2 dart slugs (D:1)
  An endoplasm (D:1)
  4 hobgoblins (D:1)
  3 jackals (D:1)
  3 quokkas (D:1)
  4 ball pythons
  3 bats
  2 frilled lizards (D:1)
  A kobold (D:1)
  2 rats (D:1)
25 creatures vanquished.

Notes
Turn   | Place    | Note
-------+----------+-------------------------------------------
     0 | D:1      | Okkudo the Hill Orc Monk began the quest for the Orb.
     0 | D:1      | Reached XP level 1. HP: 19/19 MP: 1/1
    51 | D:1      | Reached XP level 2. HP: 27/27 MP: 2/2
   479 | D:1      | Reached skill level 5 in Axes
   479 | D:1      | Reached XP level 3. HP: 25/33 MP: 3/3
  1006 | D:1      | Slain by a gnoll

Illustrated notes

Levels and vault maps discovered:
D:1:      lightli_iron_boxes, layout_loops_ring, chequers_serial_rivers_large_a,
          minivault_27, minmay_pentomino_v2
D:2:      layout_rooms, hellmonk_ecumenical_altar_blasted

Skill      XL: |  1  2 |
---------------+-------+-----
Axes           | 5 |  5.2
Fighting       | |  3.9
Dodging        | |  2.6

Action                     || total
---------------------------++-------
  Melee: Hand axe          ||    91
    Use: Potion            ||     1
 Armour: Robe              ||    10
  Dodge: Dodged            ||    76
